 Dungeon Crawl Stone Soup version 0.31.0-32-g396128a36d (webtiles) character file.

Game seed: 1398111577167640896

386 BoneyBoi1234 the Ruffian (level 6, -1/59 HPs)
             Began as a Troll Shapeshifter on Mar 27, 2024.
             Slain by a gnoll sergeant
             ... wielding a +0 spear
              (3 damage)
             ... on level 5 of the Dungeon.
             The game lasted 00:04:39 (2898 turns).

BoneyBoi1234 the Ruffian (Troll Shapeshifter)       Turns: 2898, Time: 00:04:40

Health: -1/59      AC:  4    Str: 27    XL:     6   Next: 48%
Magic:  5/5        EV: 10    Int: 10    God:
Gold:   235        SH:  0    Dex:  9    Spells: 5/5 levels left

rFire   + .          .
                       - Unarmed
rCold   . . .        (no shield)
rNeg    . . .        a - +0 animal skin
rPois   +            (helmet currently unavailable)
rElec   .            (cloak currently unavailable)
rCorr   .            (gloves unavailable)
SInv    .            (boots unavailable)
Will    .....        (no amulet)
Stlth   +            g - ring of protection from fire
HPRegen 1.09/turn    o - ring of Ciocka {rPois Str+2 Int+4}
MPRegen 0.09/turn

%: no passive effects
@: beast-form
A: beast (slay +2), large, unfitting armour, claws 3, regeneration 1, shaggy fur
1, tough skin 1
a: Begin Untransformation


You were on level 5 of the Dungeon.
You were a hulking beast.
You visited 1 branch of the dungeon, and saw 5 of its levels.

You collected 235 gold pieces.

Inventory:

Armour
 a - a +0 animal skin (worn)
Jewellery
 g - a ring of protection from fire (left claw)
 o - the ring of Ciocka (right claw) {rPois Str+2 Int+4}
   (You found it on level 4 of the Dungeon)

   [ring of poison resistance]

   Str+2:     It affects your strength (+2).
   Int+4:     It affects your intelligence (+4).
   rPois:     It protects you from poison
Talismans
 c - a beast talisman
 d - a flux talisman
Scrolls
 e - a scroll of butterflies
 f - a scroll of teleportation
 j - 2 scrolls of poison
 m - 2 scrolls of immolation
 p - 2 scrolls of enchant armour
 r - a scroll of amnesia {unknown}
 s - a scroll of blinking
 t - 2 scrolls of vulnerability
 v - a scroll of identify
Potions
 b - a potion of lignification
 h - 2 potions of curing
 i - a potion of mutation
 k - 2 potions of heal wounds
 l - a potion of attraction {unknown}
 n - a potion of haste {unknown}
 q - a potion of might {unknown}
 u - 3 potions of brilliance {unknown}


   Skills:
 + Level 2.7 Fighting
 + Level 3.1 Dodging
 + Level 4.4 Unarmed Combat
 + Level 4.2 Shapeshifting


You had 5 spell levels left.
You didn't know any spells.
Your spell library contained the following spells:

 Spells                   Type           Power      Damage    Failure   Level
 Hailstorm                Conj/Ice       0%         3d5       75%         3
 Summon Ice Beast         Ice/Summ       0%         N/A       75%         3
 Passage of Golubria      Tloc           0%         N/A       98%         4
 Iskenderun's Battlesphe  Conj           0%         2d6       100%        5
 Silence                  Hex/Air        0%         N/A       100%        5
 Bombard                  Conj/Erth      0%         9d1       100%        6
 Sculpt Simulacrum        Ice/Alch       0%         N/A       100%        6
 Spellforged Servitor     Conj/Summ      0%         N/A       100%        7
 Lehudib's Crystal Spear  Conj/Erth      0%         10d2      100%        8


Dungeon Overview and Level Annotations

Branches:
Dungeon (5/15)
 Temple: D:4-7

Altars:
Gozag
Qazlal
Uskayaw


Innate Abilities, Weirdness & Mutations

You are a hulking beast.
Your limbs bulge with bestial killing power. (Slay +2)
You are too large for most types of armour.
You have claws for hands.
Your natural rate of healing is unusually fast.
You are covered in fur. (AC +1)
You have tough skin. (AC +1)


Message History

The gnoll barely misses you.
You claw the gnoll!
You kill the gnoll!
Things that are here:
a +0 flail; a gnoll corpse You closely miss the gnoll sergeant.
The gnoll sergeant hits you with a +0 spear.
You scratch the gnoll sergeant.
The gnoll sergeant is lightly wounded.
The gnoll sergeant hits you with a +0 spear!
You barely miss the gnoll sergeant.
The gnoll sergeant is lightly wounded.
The gnoll sergeant closely misses you. The gnoll barely misses you.
You scratch the gnoll sergeant.
The gnoll sergeant is moderately wounded.
The gnoll hits you but does no damage.
The gnoll sergeant hits you with a +0 spear!
You completely miss the gnoll sergeant.
The gnoll sergeant is moderately wounded.
The gnoll sergeant hits you with a +0 spear!
The gnoll hits you with a +0 whip.
Unknown command.
You claw the gnoll!
You kill the gnoll!
The gnoll sergeant hits you with a +0 spear!
The gnoll sergeant hits you from afar with a +0 spear.
* * * LOW HITPOINT WARNING * * *
Things that are here:
a +0 whip; a gnoll corpse The gnoll sergeant hits you but does no damage.
The gnoll hits you from afar with a +0 halberd!
* * * LOW HITPOINT WARNING * * *
Things that are here:
a +0 flail; a gnoll corpse You scratch the gnoll sergeant.
Your claw misses the gnoll sergeant.
The gnoll sergeant is lightly wounded.
The gnoll hits you from afar with a +0 halberd.
* * * LOW HITPOINT WARNING * * *
The gnoll sergeant hits you with a +0 spear.
You die...

####.##........#....
..#.##.#.######....
#.#.##.#...........
####.#.##.############
#.................
#.###..##.#.######
#....##.#.#
#.#)###.#.# # #h#
#.#.# #g# #.#.#


gg. ....# .......... ####### You could see a gnoll sergeant and 2 gnolls.

Vanquished Creatures
  An ogre (D:5)
  A scorpion (D:5)
  A hound (D:4)
  A sleepcap (D:5)
  An orc wizard (D:4)
  Natasha (D:2)
  2 gnolls (D:5)
  4 adders
  A white imp (D:5)
  A ribbon worm (D:2)
  8 orcs
  3 endoplasms
  8 giant cockroaches
  5 goblins
  8 hobgoblins
  6 jackals
  5 quokkas
  4 ball pythons
  3 bats
  3 frilled lizards
  2 kobolds
69 creatures vanquished.

Notes
Turn   | Place    | Note
-------+----------+-------------------------------------------
     0 | D:1      | BoneyBoi1234 the Troll Shapeshifter began the quest for the
                  | Orb.
     0 | D:1      | Reached XP level 1. HP: 18/18 MP: 0/0
   106 | D:1      | Reached skill level 1 in Fighting
   159 | D:1      | Reached XP level 2. HP: 27/27 MP: 1/1
   855 | D:2      | Reached XP level 3. HP: 33/33 MP: 2/2
  1262 | D:2      | Noticed Natasha
  1267 | D:2      | Killed Natasha
  1405 | D:3      | Reached XP level 4. HP: 38/41 MP: 3/3
  1408 | D:3      | You fall into a shaft and drop 1 floor!
  1420 | D:4      | Identified the ring of Ciocka {rPois Str+2 Int+4}
  1547 | D:3      | Found an opulent altar of Gozag.
  1795 | D:3      | Found a hide-covered altar of Uskayaw.
  1889 | D:3      | Found a stormy altar of Qazlal.
  2264 | D:4      | Reached XP level 5. HP: 49/49 MP: 4/4
  2767 | D:5      | Entered Level 5 of the Dungeon
  2803 | D:5      | Noticed an ogre
  2814 | D:5      | Killed an ogre
  2815 | D:5      | Reached XP level 6. HP: 25/59 MP: 5/5
  2898 | D:5      | HP: 2/59 [gnoll/+0 halberd[a gnoll sergeant] (6)]
  2898 | D:5      | Slain by a gnoll sergeant

Illustrated notes

Levels and vault maps discovered:
D:1:      saegor_arrival_simple_a, layout_loops_cross, minmay_misc_feat_iff,
          minmay_pentomino_u2
D:2:      layout_loops_corners, uniq_natasha
D:3:      layout_rooms, lemuel_coloured_pillars_altar,
          overflow_temple_1_default, mainiacjoe_overflow_alcove_2
D:4:      layout_cave_pods, serial_glass, glass_columns_a, glass_columns_b
D:5:      layout_basic, uniq_crazy_yiuf_cottage

Skill      XL: |  1  2  3  4  5 |
---------------+----------------+-----
Fighting       | 1 2 |  2.7
Dodging        | 2 3 |  3.1
Unarmed Combat | 4 |  4.4
Shapeshifting  | 4 |  4.2

Action                     |  1- 3 |  4- 6 || total
---------------------------+-------+-------++-------
  Melee: Unarmed           |    92 |    89 ||   181
         Punch             |       |     2 ||     2
    Use: Scroll            |     4 |     6 ||    10
   Stab: Sleeping          |     1 |       ||     1
 Armour: Animal skin       |    57 |    55 ||   112
  Dodge: Dodged            |    58 |    46 ||   104
